 Dungeon Crawl Stone Soup version 0.30-a0-782-ge64f9170bb (webtiles) character file.

Game seed: 14689871561665546493

203 Leeroy the Slasher (level 5, 0/26 HPs)
             Began as a Vine Stalker Warper on Mar 7, 2023.
             Slain by a bullfrog (6 damage)
             ... in a sewer.
             The game lasted 00:02:47 (1685 turns).

Leeroy the Slasher (Vine Stalker Warper)            Turns: 1685, Time: 00:02:48

Health: 0/26       AC:  4    Str: 13    XL:     5   Next: 81%
Magic:  0/9        EV: 12    Int: 13    God:
Gold:   74         SH:  0    Dex: 16    Spells: 6/8 levels left

rFire   . . .      SeeInvis .    a - +0 falchion
rCold   . . .      Faith    .    (no shield)
rNeg    . . .      Spirit   +    b - +0 leather armour
rPois   .          Reflect  .    j - +0 helmet
rElec   .          Harm     .    (no cloak)
rCorr   .          Rampage  .    (no gloves)
Will    .....                    (no boots)
Stlth   +                        (no amulet)
HPRegen 1.04/turn                (no ring)
MPRegen 0.11/turn                (no ring)

@: no status effects
A: fangs 2, regeneration 1, magic shield, antimagic bite, no potion heal 2
a: no special abilities


You were in a sewer.
You visited 1 branch of the dungeon, and saw 3 of its levels.
You also visited: Sewer.

You collected 74 gold pieces.

Inventory:

Hand Weapons
 a - a +0 falchion (weapon)
Missiles
 d - a boomerang of dispersal (quivered)
Armour
 b - a +0 leather armour (worn)
 j - a +0 helmet (worn)
Jewellery
 s - a ring of resist corrosion
Scrolls
 c - 2 scrolls of blinking
 e - 3 scrolls of identify {unknown}
 m - 2 scrolls of fear {unknown}
 q - a scroll of butterflies {unknown}
 r - a scroll of amnesia {unknown}
 t - a scroll of fog {unknown}
Potions
 f - 2 potions of invisibility {unknown}
 g - 2 potions of attraction {unknown}
 h - a potion of degeneration {unknown}
 i - 3 potions of mutation {unknown}
 k - a potion of flight {unknown}
 l - 2 potions of might {unknown}
 n - a potion of magic {unknown}
 o - a potion of berserk rage {unknown}
 p - 3 potions of curing {unknown}


   Skills:
 - Level 1.7 Fighting
 - Level 4.2 Long Blades
 - Level 0.8 Throwing
 - Level 0.7 Armour
 + Level 3.2 Dodging
 - Level 2.1 Spellcasting
 - Level 3.0 Translocations


You had 6 spell levels left.
You knew the following spells:

 Your Spells              Type           Power      Damage    Failure   Level
a - Blink                 Tloc           18%        N/A       14%         2

Your spell library contained the following spells:

 Spells                   Type           Power      Damage    Failure   Level
 Lesser Beckoning         Tloc           18%        N/A       14%         2
 Teleport Other           Tloc           9%         N/A       28%         3
 Vhi's Electric Charge    Tloc/Air       10%        N/A       45%         3
 Stone Arrow              Conj/Erth      2%         3d7       67%         3
 Manifold Assault         Tloc           9%         N/A       67%         4
 Airstrike                Air            0%         2d(1-17)  97%         4
 Summon Lightning Spire   Summ/Air       1%         N/A       97%         4
 Freezing Cloud           Conj/Ice/Air   0%         6-21      100%        5
 Irradiate                Conj/Tmut      0%         3d11      100%        5
 Lightning Bolt           Conj/Air       0%         1d11      100%        5
 Iron Shot                Conj/Erth      0%         9d1       100%        6


Dungeon Overview and Level Annotations

Branches:
Dungeon (3/15)              Sewer (1/1)

Altars:

Annotations:
D:2 Sigmund


Innate Abilities, Weirdness & Mutations

You have extremely sharp teeth.
Your natural rate of healing is unusually fast.
When hurt, damage is shared between your health and your magic reserves.
Your bite disrupts and absorbs the magic of your enemies.
Potions cannot restore your health.


Message History

Found a scroll labelled XETUILEKES.
There is an open door here.
The bullfrog attacks as you move away!
The bullfrog hits you but does no damage.
The ball python attacks as you move away!
The ball python bites you. The ball python barely misses you.
The bullfrog barely misses you.
You see here a scroll labelled HIUKUL ZYXIKH.
You hit the bullfrog. Your bite misses the bullfrog.
The bullfrog is moderately wounded.
The bullfrog hits you but does no damage.
The bullfrog completely misses you.
You slash the bullfrog! Your bite misses the bullfrog.
The bullfrog is heavily wounded.
You slash the bullfrog!
The bullfrog is moderately wounded.
The bullfrog barely misses you. The bullfrog closely misses you. x2
The bullfrog barely misses you.
You closely miss the bullfrog.
The bullfrog is moderately wounded.
The bullfrog closely misses you. The bullfrog hits you.
You hit the bullfrog.
The bullfrog is severely wounded.
The bullfrog closely misses you. x2; The bullfrog hits you.
The bullfrog barely misses you.
You closely miss the bullfrog.
You bite the bullfrog, but do no damage.
The bullfrog is severely wounded.
The bullfrog barely misses you. x2; The bullfrog misses you.
The bullfrog hits you.
You slash the bullfrog!
You kill the bullfrog!
The bullfrog hits you.
* * * LOW HITPOINT WARNING * * *
Your Dodging skill increases to level 3!
Okay, then.
You barely miss the bullfrog. Your bite misses the bullfrog.
The bullfrog is moderately wounded.
The bullfrog hits you!
You die...

##################
##...#~≈≈≈~S~~~≈≈≈≈
#.....≈≈≈≈#~S.~≈≈~~
#.....~~~~~≈≈≈≈~~~≈
#.Sl..#~~~≈≈≈≈~~~~~
#SSSS~≈S~≈≈≈≈≈≈≈~≈≈
#SS.S~S≈≈≈≈≈≈≈≈≈≈≈
##F################
#!@†# #?∩?# #...#
#####
################
###.#≈≈≈≈≈≈≈≈≈#~~≈
##...~~~~~~≈≈~~.~≈~
##.....≈≈≈~~~≈~.~≈≈~


You could see a bullfrog, 2 adders, 5 ball pythons and a frilled lizard.

Vanquished Creatures
  A bullfrog (Sewer)
  An orc wizard (D:3)
  3 adders
  2 river rats (Sewer)
  A worm (D:2)
  2 dart slugs (D:1)
  4 orcs (D:3)
  8 ball pythons
  4 endoplasms
  2 goblins
  4 hobgoblins
  3 bats
  4 frilled lizards
  4 kobolds
  27 rats
70 creatures vanquished.

Notes
Turn   | Place    | Note
-------+----------+-------------------------------------------
     0 | D:1      | Leeroy the Vine Stalker Warper began the quest for the Orb.
     0 | D:1      | Reached XP level 1. HP: 11/11 MP: 4/4
    57 | D:1      | Reached skill level 2 in Long Blades
   117 | D:1      | Reached XP level 2. HP: 11/15 MP: 4/6
   689 | D:2      | Reached skill level 3 in Long Blades
   692 | D:2      | Got the Octavo of Arcane Combat
   696 | D:2      | Learned a level 2 spell: Blink
   716 | D:2      | Reached XP level 3. HP: 18/18 MP: 5/7
  1016 | D:2      | Found a faded altar of an unknown god.
  1055 | D:2      | Noticed Sigmund
  1279 | D:3      | Gained mutation: Your natural rate of healing is unusually
                  | fast. [Vine Stalker growth]
  1279 | D:3      | Reached XP level 4. HP: 20/23 MP: 5/8
  1288 | D:3      | Reached skill level 4 in Long Blades
  1297 | D:3      | Found a glowing drain.
  1372 | Sewer    | Entered a sewer
  1607 | Sewer    | Reached XP level 5. HP: 17/26 MP: 2/9
  1685 | Sewer    | Slain by a bullfrog

Illustrated notes

Levels and vault maps discovered:
D:1:      noname_arrival_rooms_in_the_neighbourhood, layout_basic
D:2:      layout_loops_corners, ebering_ecumenical_altar_abandoned, uniq_sigmund
D:3:      layout_rooms, kennysheep_okawaru_gauntlet,
          cheibrodos_sewer_entry_drain
Sewer:    sewer_minmay_w

Skill      XL: |  1  2  3  4  5 |
---------------+----------------+-----
Long Blades    | 2 3 4 |  4.2
Dodging        | 2 3 |  3.2
Fighting       | |  1.7
Throwing       | |  0.8
Armour         | |  0.7
Spellcasting   | |  2.1
Translocations | |  3.0

Action                     |  1- 3 |  4- 6 || total
---------------------------+-------+-------++-------
  Melee: Falchion          |    86 |   119 ||   205
         Bite              |    25 |    17 ||    42
         Punch             |     2 |       ||     2
  Throw: Boomerang         |     6 |       ||     6
    Use: Scroll            |       |     1 ||     1
   Stab: Sleeping          |       |     1 ||     1
 Armour: Leather armour    |    25 |    44 ||    69
  Dodge: Dodged            |    51 |   113 ||   164

Table legend: (Time is in decaauts)
 A = Elapsed time spent in this place.
 B = Non-inter-level travel time spent in this place.
 C = Inter-level travel time spent in this place.
 D = Time resting spent in this place.
 E = Time spent auto-exploring this place.
 F = Levels seen in this place.
 G = Mean time per level.
                   A        B        C        D        E       F      G
               +--------+--------+--------+--------+--------+-----+--------+
         Total |   1752 |   1741 |     11 |     52 |   1118 |   4 |  438.0 |
       Dungeon |   1390 |   1379 |     11 |     50 |    952 |   3 |  463.3 |
         Sewer |    361 |    361 |      0 |      2 |    166 |   1 |  361.0 |
               +--------+--------+--------+--------+--------+-----+--------+

Top non-repeatable levels by time:
     D:1: 602 daAuts
     D:2: 532 daAuts
   Sewer: 361 daAuts
     D:3: 255 daAuts
